Neld, lawful female human Valkyrie --------------------------------------------- .....).%..............).).*.................| ----.--.---...----------------------------..| |.|--- |...|..........................|..| ---.|.+ |.........).).<...............| 00 |.....| ---..............(...........|..|0###[####*)###*#** |-.-.*+ |............................|..|.. # # |..|..| ------------------------------.d|-. |..|..+ ....|... |..|--- --e&|..). ---- ------- |.@|).... ......| |..|...... ---%|.-------.*|.....| ---.|..........|.....| .. ....|-------------..-----... ---.|......(.........(........ |.....^...........*...|....... ------------------------------ Neld the Fighter Experience level: 9 Strength: 18/01 Dexterity: 15 Constitution: 18 Intelligence: 9 Wisdom: 8 Charisma: 9 Health: 0(87) Energy: 22(22) AC: -11 Gold: 0 Moves: 6079 Your Inventory: Weapons a - the blessed rustproof +1 Excalibur (weapon in hand) b - an uncursed +0 dagger q - 15 uncursed [+0] darts (in quiver) Armor c - an uncursed +3 small shield (being worn) m - a [blessed] +3 elven mithril-coat (being worn) o - a [blessed] +5 dwarvish cloak (being worn) p - an [uncursed] +0 pair of iron shoes (being worn) Comestibles d - 10 uncursed food rations Y - an [uncursed] lizard corpse Scrolls l - an uncursed scroll labeled TEMOV [of create monster] n - an uncursed scroll labeled VELOX NEB [of taming] s - 2 uncursed scrolls of earth x - an [uncursed] scroll labeled HAPAX LEGOMENON [of flood] C - a [blessed] unlabeled scroll [of blank paper] E - 2 [uncursed] scrolls of teleportation F - an [uncursed] scroll labeled ABRA KA DABRA [of enchant armor] Z - a [blessed] scroll of teleportation Potions h - a blessed clear potion [of holy water] j - an uncursed potion of sickness t - a cursed potion of healing w - a blessed potion of extra healing y - an uncursed potion of gain energy D - a blessed potion of object detection J - an [uncursed] amber potion [of sleeping] M - a [cursed] clear potion [of unholy water] N - 4 uncursed potions of booze O - a [cursed] potion of booze P - a [blessed] potion of booze Q - an [uncursed] soapy potion [of levitation] R - an [uncursed] potion of object detection V - an [uncursed] ochre potion [of full healing] W - an uncursed potion of healing Rings I - an [uncursed] tiger eye ring [of searching] Wands v - an [uncursed] aluminum wand [of speed monster (0:7)] L - an [uncursed] titanium wand [of wishing (1:3)] T - an [uncursed] steel wand [of polymorph (0:7)] Tools e - an uncursed oil lamp (lit) (0:426) A - an [uncursed] expensive camera [0:32] H - 2 [uncursed tallow] candles K - an [uncursed] blindfold U - an [uncursed] key [skeleton key] Gems f - an uncursed luckstone Spells known in the end: Name Level Category Fail Memory Your skills at the end: Fighting Skills shield [Basic / Expert] Weapon Skills dagger [Basic / Expert] long sword [Skilled / Expert] Spellcasting Skills Final Attributes: You were piously aligned. Hunger level was 765. Your alignment was 40 / 40. Monster difficulty range was 1 - 9. Level difficulty was 10. You were immune to cold. You resisted sleep. You were immune to level-drain. You were telepathic. You had automatic searching. You were stealthy. You were fast. You were lucky (3). You had extra luck. Bad luck did not time out for you. Good luck did not time out for you. You are dead. Vanquished creatures: a quantum mechanic a freezing sphere a dwarf king a human mummy a python a crocodile 4 wolves a leprechaun a giant spider 2 gnome kings a Green-elf a lizard a dingo a dust vortex a gnome mummy 3 apes a bugbear 2 imps a quasit a water nymph 2 mountain nymphs 4 Uruk-hai a rock piercer 2 enormous rats 2 rock moles a fog cloud a shrieker 2 violet fungi 13 gnome lords 3 gnomish wizards 2 kobold mummies a gray ooze 5 elf zombies 3 giant ants a little dog 2 floating eyes a kitten 8 dwarves 3 hill orcs a rabid rat a monkey an orc zombie 3 dwarf zombies 3 werejackals an iguana 4 killer bees an acid blob 6 coyotes a gas spore 2 manes a large kobold a giant rat 2 cave spiders a yellow mold a green mold 87 gnomes 5 geckos 3 jackals a fox 2 goblins 4 sewer rats 4 grid bugs 2 bats 4 lichens 3 kobold zombies 4 newts 233 creatures vanquished. Voluntary challenges: You used a wielded weapon 264 times. You read items or engraved 5 times. You put on armor 14 times. You never genocided any monsters. You never polymorphed an object. You never changed form. You used no wishes. You never wrote Elbereth's name. You never encountered a bones level. You never used any Sokoban shortcuts. Dungeon overview: The Dungeons of Doom: levels 1 to 8 Level 1 a long staircase Level 2 stairs to The Gnomish Mines Level 3 a fountain Level 5 a fountain Level 7 many fountains Level 8 stairs to Sokoban The Gnomish Mines: levels 3 to 10 Level 3 stairs to The Dungeons of Doom Level 5 many shops, a temple to Tyr, a magic chest, some fountains, some trees Level 10 <- You were here Sokoban: levels 6 to 7 Level 7 a magic chest stairs to The Dungeons of Doom History has recorded: On T:1 you entered the Dungeons of Doom to retrieve the Amulet of Yendor! On T:256 you reached level 2 of The Dungeons of Doom. On T:324 you advanced to experience level 2. On T:396 you advanced to experience level 3. On T:539 you advanced to experience level 4. On T:579 you reached level 1 of The Gnomish Mines. On T:584 you reached level 2 of The Gnomish Mines. On T:611 you advanced to experience level 5. On T:713 you advanced to experience level 6. On T:1021 you reached level 3 of The Gnomish Mines. On T:1243 you advanced to experience level 7. On T:1310 you reached level 3 of The Dungeons of Doom. On T:1575 you reached level 4 of The Dungeons of Doom. On T:1926 you advanced to experience level 8. On T:2181 you reached level 4 of The Gnomish Mines. On T:2194 you reached level 6 of The Gnomish Mines. On T:2311 you reached level 7 of The Gnomish Mines. On T:2431 you reached level 8 of The Gnomish Mines. On T:2696 you advanced to experience level 9. On T:2714 you reached level 5 of The Gnomish Mines. On T:3667 you reached level 5 of The Dungeons of Doom. On T:3928 you reached level 6 of The Dungeons of Doom. On T:4152 you reached level 7 of The Dungeons of Doom. On T:4288 you reached level 8 of The Dungeons of Doom. On T:4455 you reached level 3 of Sokoban. On T:4768 you reached level 2 of Sokoban. Latest messages: [HP-3=25] The incubus seems dismayed at your lack of response. The incubus hits! (2x) The incubus seems dismayed at your lack of response. The incubus hits! (2x) [HP-10=15] The incubus seems dismayed at your lack of response. The incubus hits! The incubus misses. [HP-5=10] The incubus seems dismayed at your lack of response. The incubus hits! The incubus misses. [HP-1=9] The incubus pretends to be friendly. The incubus hits! The incubus misses. [HP-1=8] The incubus seems dismayed at your lack of response. The incubus misses. The incubus hits! [HP-2=6] The incubus seems dismayed at your lack of response. You die... Final status: Farvel Neld the Valkyrie... You died in The Gnomish Mines on dungeon level 10 with 780 points, and 0 pieces of gold, after 6079 moves. You were level 9 with a maximum of 87 hit points when you died.